 Dungeon Crawl Stone Soup version 0.31-a0-574-g69dc8cc98e (webtiles) character file.

Game seed: 5390992442405413421

22570 hohey the Grappler (level 12, -2/126 HPs)
             Began as a Troll Berserker on Aug 18, 2023.
             Was a High Priest of Trog.
             Slain by a yak (4 damage)
             ... on level 3 of the Lair of Beasts.
             The game lasted 00:32:17 (12265 turns).

hohey the Grappler (Troll Berserker)               Turns: 12265, Time: 00:32:18

Health: -2/126     AC:  0    Str: 32    XL:     12   Next: 64%
Magic:  11/11      EV: 17    Int:  3    God:    Trog [*****.]
Gold:   1004       SH:  0    Dex:  9    Spells: 11/11 levels left

rFire   . .          .
                       - Unarmed
rCold   . . .        (shield currently unavailable)
rNeg    . . .        v - melded +0 troll leather armour
rPois   .            (helmet currently unavailable)
rElec   .            A - melded +2 cloak
rCorr   .            (gloves unavailable)
SInv    .            (boots unavailable)
Will    .....        d - amulet of regeneration
Stlth   +            o - melded +4 ring of protection
HPRegen 2.01/turn    a - melded ring of poison resistance
MPRegen 0.12/turn

%: no passive effects
@: lethally poisoned (-2 -> -11), about to teleport, pig-form, on berserk
cooldown, slowed, studying Dodging
A: fast, no casting, small, unfitting armour, (claws 3), regeneration 1, (shaggy
fur 1), (tough skin 1)
a: Renounce Religion, Berserk, Trog's Hand, Brothers in Arms


You were on level 3 of the Lair of Beasts.
You worshipped Trog.
Trog was extremely pleased with you.
You were a filthy swine.
You visited 2 branches of the dungeon, and saw 14 of its levels.
You also visited: Bailey.

You collected 1004 gold pieces.

Inventory:

Missiles
 p - 4 throwing nets
Armour
 v - a +0 troll leather armour (melded)
 A - a +2 cloak (melded)
Jewellery
 a - a ring of poison resistance (melded)
 d - an amulet of regeneration (around neck)
 i - a +5 ring of evasion
 o - a +4 ring of protection (melded)
 x - a ring of protection from fire
 B - a ring of resist corrosion
 I - a ring of see invisible
Talismans
 t - a maw talisman
 D - a blade talisman
Wands
 k - a wand of flame (11)
 m - a wand of charming (12)
 y - a wand of polymorph (6)
 C - a wand of quicksilver (9)
 F - a wand of roots (4)
Scrolls
 c - 4 scrolls of teleportation
 g - 6 scrolls of immolation
 s - a scroll of vulnerability
 E - 5 scrolls of enchant armour
 H - a scroll of revelation {unknown}
 K - a scroll of identify
Potions
 b - 2 potions of ambrosia
 e - 3 potions of mutation
 f - 5 potions of haste
 h - 6 potions of curing
 j - a potion of might {unknown}
 l - 4 potions of heal wounds
 n - 3 potions of enlightenment
 q - a potion of brilliance {unknown}
 r - 2 potions of magic
 u - a potion of cancellation {unknown}
 w - a potion of lignification {unknown}
 z - a potion of resistance {unknown}
 G - a potion of degeneration {unknown}
 J - a potion of invisibility {unknown}


   Skills:
 - Level 10.0 Fighting
 - Level 10.0 Dodging
 - Level 12.0 Unarmed Combat
 + Level 3.6 Evocations
 - Level 9.0 Shapeshifting


You had 11 spell levels left.
You didn't know any spells.
Your spell library was empty.

Dungeon Overview and Level Annotations

Branches:
Dungeon (11/15)            Temple (0/1) D:6            Lair (3/5) D:11
 Shoals (0/4) Lair:2       Spider (0/4) Lair:2          Orc (0/2) D:10
 Bailey (visited)

Altars:
Ashenzari
Kikubaaqudgha
Nemelex Xobeh
Sif Muna
Trog
Xom

Shops:
D:1 :   D:5 *   D:6 :   D:9 =

Annotations:
D:4 exclusion: orc wizard
D:9 exclusion: obsidian statue
D:10 1 runed translucent door, exclusion: door
Lair:3 Sonja


Innate Abilities, Weirdness & Mutations

You are a filthy swine.
You move quickly.
Your equipment is almost entirely melded.
You are incapable of wielding weapons or throwing items.
You cannot cast spells.
You are too large for most types of armour.
((You have claws for hands.))
Your natural rate of healing is unusually fast.
((You are covered in fur. (AC +1)))
((You have tough skin. (AC +1)))


Message History

You maul the yak!!
You kill the yak!
Trog accepts your kill. The yak closely misses you. The yak barely misses you.
Sonja casts a spell.
Sonja blinks!
You feel a strong urge to attack something.
You bite the yak!
The yak is moderately wounded.
The yak gores you.
You hit the yak.
The yak is moderately wounded.
The yak closely misses you.
You hit the yak.
The yak is heavily wounded.
You closely miss Sonja.
Sonja hits you with a +0 short sword of venom!
You are poisoned.
Sonja misses you. Sonja closely misses you. The yak gores you! x2
* * * LOW HITPOINT WARNING * * *
You completely miss Sonja.
You are no longer berserk.
You are exhausted.
You feel yourself slow down.
You feel sick. Sonja closely misses you.
Sonja hits you with a +0 short sword of venom.
* * * LOW HITPOINT WARNING * * *
You are more poisoned.
Sonja closely misses you. The yak barely misses you. The yak misses you.
The yak gores you!
* * * LOW HITPOINT WARNING * * *
As you read the scroll of teleportation, it crumbles to dust.
You feel strangely unstable.
You feel very sick.
Sonja hits you with a +0 short sword of venom!
* * * LOW HITPOINT WARNING * * *
Sonja hits you with a +0 short sword of venom!
* * * LOW HITPOINT WARNING * * *
You are more poisoned.
Sonja misses you. The yak gores you.
You die...

.##.......# ###.
..........# ##...
.K.Y..... #..## ..
...#..#### #P..# ....
#†...#P##########...
.....###Y.................
.......YYYY.......##.#....
.......YYYY.......P####...
...#.####hY..##P.....##...
. .......K................
..........................
..........................
. .......>................
........................
........................
........................
#P###..##P####..#..#


You could see 10 yaks and Sonja.

Vanquished Creatures
  Snorg (D:11)
  A boulder beetle (D:11)
  A centaur warrior (D:10)
  3 two-headed ogres
  A lindwurm (Lair:3)
  2 orc knights (Bailey)
  An ugly thing (D:10)
  A cyclops (D:10)
  2 manticores
  Joseph (D:9)
  2 black mambas
  4 cane toads
  3 komodo dragons
  2 polar bears
  3 trolls
  A meliai (Lair:2)
  2 hornets (D:10)
  Prince Ribbit (D:9)
  A snapping turtle (Lair:2)
  3 wraiths
  3 wyverns
  29 yaks
  A steam dragon (D:8)
  A basilisk (Lair:1)
  An acid dragon (D:10)
  7 water moccasins
  11 orc warriors
  3 ice beasts
  3 black bears
  A wolf (D:10)
  2 ogres
  5 centaurs
  5 bullfrogs
  2 gnoll sergeants
  A scorpion (D:5)
  5 wights
  4 killer bees
  5 electric eels
  8 howler monkeys
  2 lava snakes
  The ghost of MrCrawl the Firebug, a weakling TeFE (D:3)
  4 jellies
  9 hounds
  Crazy Yiuf (D:3)
  9 orc priests
  9 iguanas
  3 orc wizards
  Natasha (thrice) (D:4 D:5)
  9 gnolls
  11 adders
  2 shadow imps
  A white imp (D:5)
  3 ufetubi
  3 worms
  3 dart slugs
  53 orcs
  5 bats
  6 endoplasms
  4 giant cockroaches
  4 goblins
  6 hobgoblins
  2 jackals (D:2)
  2 quokkas
  7 ball pythons
  3 frilled lizards
  4 kobolds
  8 rats
310 creatures vanquished.

Notes
Turn   | Place    | Note
-------+----------+-------------------------------------------
     0 | D:1      | hohey the Troll Berserker began the quest for the Orb.
     0 | D:1      | Reached XP level 1. HP: 22/22 MP: 0/0
   105 | D:1      | Found a faded altar of an unknown god.
   409 | D:1      | Reached XP level 2. HP: 29/29 MP: 1/1
   486 | D:1      | Found Nugaj's Book Emporium.
  1320 | D:2      | Reached ** piety under Trog
  1329 | D:2      | Reached XP level 3. HP: 31/37 MP: 2/2
  1682 | D:3      | Reached skill level 4 in Unarmed Combat
  1704 | D:3      | Found a runed translucent door.
  1705 | D:3      | Noticed Crazy Yiuf
  1748 | D:3      | Found a runed translucent gate.
  1748 | D:3      | Found a runed translucent gate.
  1748 | D:3      | Noticed MrCrawl's ghost (weakling TeFE)
  1778 | D:3      | Found a runed translucent gate.
  1799 | D:3      | Reached XP level 4. HP: 45/45 MP: 3/3
  2339 | D:3      | Killed MrCrawl's ghost
  2426 | D:3      | Killed Crazy Yiuf
  2427 | D:3      | Reached XP level 5. HP: 28/54 MP: 4/4
  2551 | D:4      | Noticed Natasha
  2563 | D:4      | Killed Natasha
  2573 | D:4      | Reached skill level 5 in Unarmed Combat
  2602 | D:4      | Reached XP level 6. HP: 63/63 MP: 5/5
  2765 | D:4      | Reached *** piety under Trog
  2881 | D:4      | Noticed Natasha
  2897 | D:4      | Found a shimmering blue altar of Sif Muna.
  3284 | D:5      | Entered Level 5 of the Dungeon
  3310 | D:5      | Reached skill level 1 in Shapeshifting
  3321 | D:5      | Reached XP level 7. HP: 71/71 MP: 6/6
  3487 | D:5      | Killed Natasha
  3576 | D:5      | Noticed Natasha
  3582 | D:5      | Killed Natasha
  3670 | D:5      | Found Zashrur's Mass Market.
  3719 | D:5      | Reached XP level 8. HP: 79/79 MP: 7/7
  3816 | D:5      | Reached skill level 5 in Shapeshifting
  4246 | D:6      | Found a staircase to the Ecumenical Temple.
  4302 | D:6      | Found Jioq's Book Emporium.
  4535 | D:6      | Reached **** piety under Trog
  4760 | D:6      | Found an ancient bone altar of Kikubaaqudgha.
  4776 | D:6      | Found a sparkling altar of Nemelex Xobeh.
  5027 | D:6      | Identified the +5 long sword of Irrepressible Laughter
                  | {freeze, Str+3 Int+5}
  5277 | D:6      | Reached XP level 9. HP: 85/85 MP: 8/8
  5423 | D:7      | Found a broken altar of Ashenzari.
  6601 | D:8      | Reached skill level 5 in Fighting
  6601 | D:8      | Reached skill level 6 in Unarmed Combat
  6695 | D:9      | Reached skill level 5 in Dodging
  6862 | D:9      | Found Goink's Jewellery Emporium.
  6876 | D:9      | Found a flagged portal.
  6901 | Bailey   | Entered a bailey
  6917 | Bailey   | Reached ***** piety under Trog
  6958 | Bailey   | Noticed an orc knight
  6958 | Bailey   | Noticed an orc knight
  7007 | Bailey   | Reached XP level 10. HP: 84/97 MP: 9/9
  7111 | Bailey   | Killed an orc knight
  7112 | Bailey   | Reached skill level 7 in Unarmed Combat
  7171 | Bailey   | Identified the +0 tower shield of Ukokhoir {rElec Dex+4}
  7238 | Bailey   | Killed an orc knight
  7406 | D:9      | Noticed an obsidian statue
  7694 | D:9      | Noticed a two-headed ogre
  7704 | D:9      | Killed a two-headed ogre
  7722 | D:9      | Found a shimmering altar of Xom.
  7804 | D:9      | Noticed Prince Ribbit
  7831 | D:9      | Killed Prince Ribbit
  8087 | D:9      | Found a bloodstained altar of Trog.
  8144 | D:9      | Noticed Joseph
  8171 | D:9      | Killed Joseph
  8321 | D:10     | Entered Level 10 of the Dungeon
  8337 | D:10     | Reached skill level 8 in Unarmed Combat
  8348 | D:10     | Noticed a white ugly thing
  8366 | D:10     | Killed a white ugly thing
  8422 | D:10     | Noticed a cyclops
  8427 | D:10     | Killed a cyclops
  8434 | D:10     | Noticed a two-headed ogre
  8450 | D:10     | Killed a two-headed ogre
  8451 | D:10     | Reached XP level 11. HP: 109/109 MP: 10/10
  8525 | D:10     | Noticed a centaur warrior
  8534 | D:10     | Killed a centaur warrior
  8648 | D:10     | Reached skill level 9 in Unarmed Combat
  8689 | D:10     | Found a staircase to the Orcish Mines.
  8917 | D:10     | Noticed a glowing orange brain
  8917 | D:10     | Noticed an ettin
  8918 | D:10     | Found a runed translucent door.
  8919 | D:10     | Noticed a fire crab
  8920 | D:10     | Noticed a boulder beetle
  8920 | D:10     | Noticed a deep elf zephyrmancer
  8920 | D:10     | Noticed a great orb of eyes
  9087 | D:10     | Identified the +9 flail of Non Obstante Veredicto {freeze,
                  | Str+3}
  9332 | D:11     | Noticed Snorg
  9346 | D:11     | Killed Snorg
  9422 | D:11     | Noticed a boulder beetle
  9446 | D:11     | Killed a boulder beetle
  9447 | D:11     | Reached skill level 10 in Unarmed Combat
  9469 | D:11     | Noticed a two-headed ogre
  9483 | D:11     | Killed a two-headed ogre
  9695 | D:11     | Found a staircase to the Lair.
 10100 | Lair:1   | Entered Level 1 of the Lair of Beasts
 10424 | Lair:1   | Reached skill level 11 in Unarmed Combat
 10458 | Lair:1   | You fall into a shaft and drop 1 floor!
 10460 | Lair:2   | Found a hole to the Spider Nest.
 10472 | Lair:2   | Reached XP level 12. HP: 94/124 MP: 11/11
 10706 | Lair:1   | Reached skill level 10 in Fighting
 11241 | Lair:2   | Received a gift from Trog
 11268 | Lair:2   | Found a staircase to the Shoals.
 11276 | Lair:2   | Reached skill level 12 in Unarmed Combat
 11626 | Lair:2   | Found a sparkling altar of Nemelex Xobeh.
 12021 | Lair:3   | Reached skill level 10 in Dodging
 12024 | Lair:3   | Reached skill level 1 in Evocations
 12240 | Lair:3   | Noticed Sonja
 12265 | Lair:3   | HP: 2/126 [Sonja/+0 short sword of venom (7)]
 12265 | Lair:3   | Slain by a yak

Illustrated notes

Levels and vault maps discovered:
D:1:      wheals_arrival_linesprint, layout_basic,
          ebering_ecumenical_altar_abandoned, serial_shops, nicolae_shop_stone
D:2:      layout_loops_cross, cheibrodos_gnoll_hut
D:3:      layout_loops_corners, gammafunk_ghost_split, uniq_crazy_yiuf_cottage
D:4:      minmay_door_path, layout_basic, led_sif_book, uniq_natasha
D:5:      minmay_inner_zag, layout_basic, minmay_shop_mass,
          minmay_misc_feat_room, amcnicky_mini_pool_small,
          amcnicky_mini_corridor_feature, minmay_tree_intersection,
          dreamdust_wishing_well, hangedman_decor_peaks_small, st_stairs_11,
          corexii_leaking_fountain, minmay_fractal_squares_gapless_5
D:6:      layout_basic, grunt_temple_overflow_open, temple_fountains,
          serial_shops, nicolae_book_shop_shelving,
          hangedman_abyss_or_decor_stabs, lemuel_flamethrower_1
D:7:      layout_basic, mainiacjoe_overflow_tiny_flanked
D:8:      layout_rooms, eino_small_chamber_without_monster
D:9:      layout_loops_cross, lightli_temple_of_fire,
          mainiacjoe_overflow_brackets, serial_shops,
          nicolae_shop_getting_attention, enter_bailey_4, minivault_16,
          hangedman_decor_push, kennysheep_generic_room_15, uniq_prince_ribbit1,
          uniq_joseph
D:10:     minmay_gate_of_8, layout_irregular_city, david_orc_3, serial_ice,
          serial_ice_a, serial_ice_b, serial_ice_l, serial_ice_d, kb_rosetta
D:11:     layout_irregular_city, erik_lair_island, uniq_snorg
Lair:1:   layout_concentric_octagons, infiniplex_staircase_pool_2
Lair:2:   layout_cave_pods, minmay_shoals_entry_hut,
          hellmonk_spider_entry_not_the_bees, basic_altar
Lair:3:   layout_gridlike, uniq_josephine, uniq_sonja

Skill      XL: |  1  2  3  4  5  6  7  8  9 10 11 12 |
---------------+-------------------------------------+-----
Fighting       | 3 4 5 7 9 10 | 10.0
Unarmed Combat | 4 5 6 8 11 12 | 12.0
Dodging        | 3 4 5 8 9 10 | 10.0
Shapeshifting  | 1 4 7 9 |  9.0
Evocations     | 3 |  3.6

Action                     |  1- 3 |  4- 6 |  7- 9 | 10-12 || total
---------------------------+-------+-------+-------+-------++-------
  Melee: Unarmed           |    86 |   116 |   332 |   372 ||   906
         Punch             |     1 |     2 |    10 |    20 ||    33
 Invoke: Berserk           |       |       |     1 |     8 ||     9
  Evoke: Wand              |       |       |       |     4 ||     4
    Use: Scroll            |       |     3 |    10 |     8 ||    21
         Potion            |       |       |     1 |       ||     1
   Stab: Sleeping          |       |       |     1 |       ||     1
 Armour: Animal skin       |    33 |    33 |    84 |    24 ||   174
         Troll leather arm |       |       |       |    65 ||    65
  Dodge: Dodged            |    54 |    65 |   240 |   276 ||   635
   Form: Blade             |       |       |     1 |       ||     1

Table legend: (Time is in decaauts)
 A = Elapsed time spent in this place.
 B = Non-inter-level travel time spent in this place.
 C = Inter-level travel time spent in this place.
 D = Time resting spent in this place.
 E = Time spent auto-exploring this place.
 F = Levels seen in this place.
 G = Mean time per level.
                   A        B        C        D        E       F      G
               +--------+--------+--------+--------+--------+-----+--------+
         Total |  12209 |  11654 |    555 |    150 |   9148 |  15 |  813.9 |
       Dungeon |   9620 |   9149 |    471 |     76 |   7273 |  11 |  874.5 |
          Lair |   2124 |   2040 |     84 |      7 |   1685 |   3 |  708.0 |
        Bailey |    464 |    464 |      0 |     66 |    190 |   1 |  464.0 |
               +--------+--------+--------+--------+--------+-----+--------+

Top non-repeatable levels by time:
     D:9: 1232 daAuts
     D:6: 1157 daAuts
     D:3: 1111 daAuts
    D:10: 996 daAuts
     D:5: 933 daAuts
  Lair:1: 931 daAuts
  Lair:2: 910 daAuts
    D:11: 803 daAuts
     D:4: 786 daAuts
     D:1: 782 daAuts
     D:7: 692 daAuts
     D:2: 605 daAuts
     D:8: 518 daAuts
  Bailey: 464 daAuts
  Lair:3: 282 daAuts
